 Dungeon Crawl Stone Soup version 0.21.1-1-g345015f (webtiles) character file.

106 Evaline the Cudgeler (level 4, 0/39 HPs)
             Began as a Hill Orc Fighter on June 19, 2018.
             Slain by an iguana (11 damage)
             ... on level 3 of the Dungeon.
             The game lasted 00:16:42 (2175 turns).

Evaline the Cudgeler (Hill Orc Fighter)             Turns: 2175, Time: 00:16:43

Health: 0/39       AC:  9    Str: 19    XL:     4   Next: 84%
Magic:  4/4        EV:  7    Int:  8    God:
Gold:   125        SH:  0    Dex: 10    Spells: 3/3 levels left

rFire    . . .     SeeInvis .   a - +0 club
rCold    . . .     Gourm    .   (no shield)
rNeg     . . .     Faith    .   j - +0 chain mail
rPois    .         Spirit   .   (no helmet)
rElec    .         Reflect  .   (no cloak)
rCorr    .         Harm     .   (no gloves)
MR       .....                  (no boots)
Stlth    ..........             (no amulet)
HPRegen  0.13/turn              (no ring)
MPRegen  0.09/turn              (no ring)

@: no status effects
A: no striking features
a: no special abilities


You were on level 3 of the Dungeon.
You were not hungry.

You visited 1 branch of the dungeon, and saw 4 of its levels.

You collected 125 gold pieces.

Inventory:

Hand Weapons
 a - a +0 club (weapon)
 b - a +0 hunting sling
 q - a +0 short sword
 r - a +0 mace
 A - a +0 hand crossbow
Missiles
 p - 15 stones (quivered)
 y - 6 javelins
Armour
 c - a +0 shield
 j - a +0 chain mail (worn)
 n - a +0 scale mail
Jewellery
 e - a +4 ring of intelligence {unknown}
 l - an uncursed ring of magical power {unknown}
 m - an uncursed ring of see invisible {unknown}
 s - an uncursed ring of poison resistance {unknown}
Scrolls
 h - a scroll of fog {unknown}
 k - a scroll of identify {unknown}
 v - a scroll of remove curse {unknown}
 w - a scroll of immolation {unknown}
 z - a scroll of enchant armour {unknown}
Potions
 d - a potion of might
 i - a potion of flight {unknown}
 o - a potion of magic {unknown}
 t - 2 potions of mutation {unknown}
 u - a potion of curing {unknown}
 x - a potion of resistance {unknown}
Comestibles
 f - 4 rations
 g - 3 chunks of flesh


   Skills:
 - Level 3.6 Fighting
 * Level 5.3 Maces & Flails
 - Level 3.2 Armour
 - Level 3.2 Shields


You had 3 spell levels left.
You didn't know any spells.

Dungeon Overview and Level Annotations

Branches:
Dungeon (4/15)
 Temple: D:4-7

Altars:
Cheibriados
Makhleb

Annotations:
D:3 exclusion: 2 downstairs
D:4 Kagorn's ghost, weakling SpAs


Message History

You hit the iguana.
The iguana is heavily wounded.
The iguana barely misses you.
You closely miss the iguana.
The iguana is heavily wounded.
The iguana bites you but does no damage.
You barely miss the iguana.
The iguana is heavily wounded.
The iguana bites you!
You completely miss the iguana.
The iguana is heavily wounded.
The iguana bites you but does no damage.
You hit the iguana.
The iguana is heavily wounded.
The iguana bites you.
* * * LOW HITPOINT WARNING * * *
You closely miss the iguana.
The iguana is heavily wounded.
The iguana bites you!
You die...

...<.#......#.....>..#
#.......#
.....#......#........#
#.......#
.....#......#........#
#........
.....#......#........#
###.##.##
###.##......#........#
#.##.#
#.##......#........#
#>##.#
#.##......#).......#
#.##.#
#.##......#..l.....#
#.##.##
#.##.#........@#>###
#.#....
#.##.#.#.#######.#
#.#####
#.#..............#
#......
#.#####.....#...##
....... #.<.........+
.. ..... ######......#
.. . #.........
#.#........
#.#...#.#.#


You could see an iguana.

Vanquished Creatures
  3 adders
  2 worms (D:2)
  2 dart slugs
  A leopard gecko (D:2)
  An orc (D:3)
  5 giant cockroaches
  9 goblins
  8 hobgoblins
  4 jackals (D:1)
  A ball python (D:1)
  3 bats
  8 frilled lizards
  11 kobolds
  A quokka skeleton (D:2)
  8 rats
67 creatures vanquished.

Notes
Turn   | Place    | Note
-------+----------+-------------------------------------------
     0 | D:1      | Evaline the Hill Orc Fighter began the quest for the Orb.
     0 | D:1      | Reached XP level 1. HP: 19/19 MP: 1/1
    95 | D:1      | Reached skill level 3 in Maces & Flails
    95 | D:1      | Reached XP level 2. HP: 26/26 MP: 2/2
   574 | D:1      | Reached XP level 3. HP: 29/31 MP: 3/3
   776 | D:1      | Reached skill level 4 in Maces & Flails
  1267 | D:2      | Reached XP level 4. HP: 36/39 MP: 4/4
  1351 | D:2      | Found a snail-covered altar of Cheibriados.
  1547 | D:2      | Reached skill level 5 in Maces & Flails
  2051 | D:3      | Found a burning altar of Makhleb.
  2097 | D:4      | Noticed a phantom
  2097 | D:4      | Noticed an ogre
  2146 | D:4      | Noticed Kagorn's ghost (weakling SpAs)
  2158 | D:4      | Noticed an ogre
  2175 | D:3      | Slain by an iguana

Skill      XL: |  1  2  3  4 |
---------------+-------------+-----
Maces & Flails | 3 4 5 |  5.3
Fighting       | |  3.6
Armour         | |  3.2
Shields        | |  3.2

Action                   |  1- 3 |  4- 6 || total
-------------------------+-------+-------++-------
Melee: Flail             |    94 |       ||    94
       Club              |    96 |   130 ||   226
  Eat: Chunk             |     1 |     4 ||     5
Armor: Scale mail        |    48 |       ||    48
       Chain mail        |    84 |    64 ||   148
Dodge: Dodged            |    99 |    45 ||   144
